 Dungeon Crawl Stone Soup version 0.25-a0-42-g6c54e25 (webtiles) character file.

Game seed: 12860366422517515771, levelgen mode: deterministic

2 Illumine the Caller (level 1, 0/10 HPs)
             Began as a Kobold Summoner on Oct 22, 2019.
             Slain by a kobold
             ... wielding a +0 short sword
              (6 damage)
             ... on level 1 of the Dungeon.
             The game lasted 00:00:35 (102 turns).

Illumine the Caller (Kobold Summoner)                Turns: 102, Time: 00:00:35

Health: 0/10       AC:  2    Str:  5    XL:     1   Next: 44%
Magic:  0/3        EV: 15    Int: 16    God:
Gold:   10         SH:  0    Dex: 15    Spells: 3/4 levels left

rFire    . . .     SeeInvis .   d - +0 club
rCold    . . .     Gourm    .   (shield restricted)
rNeg     . . .     Faith    .   a - +0 robe
rPois    .         Spirit   .   (no helmet)
rElec    .         Reflect  .   (no cloak)
rCorr    .         Harm     .   (no gloves)
MR       .....                  (no boots)
Stlth    ++........             (no amulet)
HPRegen  0.03/turn              (no ring)
MPRegen  0.08/turn              (no ring)

@: no status effects
A: small, carnivore
a: no special abilities


You were on level 1 of the Dungeon.
You were not hungry.

You visited 1 branch of the dungeon, and saw 1 of its levels.

You collected 10 gold pieces.

Inventory:

Hand Weapons
 d - a +0 club (weapon)
Armour
 a - a +0 robe (worn)
Potions
 b - a potion of brilliance {unknown}
Comestibles
 c - a ration


   Skills:
 - Level 2.4 Dodging
 + Level 2.8 Stealth
 + Level 2.2 Spellcasting
 + Level 4.0 Summonings


You had 3 spell levels left.
You knew the following spells:

 Your Spells              Type           Power        Failure   Level  Hunger
a - Summon Small Mammal   Summ           ##..         3%          1    #......

Your spell library contained the following spells:

 Spells                   Type           Power        Failure   Level  Hunger
 Call Imp                 Summ           ##......     6%          2    ###....
 Call Canine Familiar     Summ           ##......     12%         3    ###....
 Summon Guardian Golem    Hex/Summ       #.......     26%         3    ###....
 Summon Ice Beast         Ice/Summ       #.......     65%         4    #####..
 Summon Lightning Spire   Summ/Air       #.......     65%         4    #####..


Dungeon Overview and Level Annotations

Branches:
Dungeon (1/15)

Altars:


Innate Abilities, Weirdness & Mutations

You are small and have problems with some larger weapons.
You are carnivorous and can eat meat at any time.


Message History

Casting: Summon Small Mammal (safe; 3% risk of failure)
Confirm with . or Enter, or press ? or * to list all spells.
The goblin shouts!
Casting: Summon Small Mammal (safe; 3% risk of failure)
Confirm with . or Enter, or press ? or * to list all spells.
Your rat bites the goblin.
Casting: Summon Small Mammal (safe; 3% risk of failure)
Confirm with . or Enter, or press ? or * to list all spells.
Your bat closely misses the kobold.
A leopard gecko comes into view.
The goblin misses your quokka.
Your rat misses the goblin. You hit the kobold but do no damage.
Your bat barely misses the kobold.
The kobold hits you with a +0 short sword.
The goblin completely misses your quokka.
Your quokka closely misses the goblin.
Your rat bites the goblin.
The goblin dies!
Your bat closely misses the kobold.
The kobold hits you with a +0 short sword.
Ouch! That really hurt!
You die...

#.##. .##...... ....
.##.##....#....#. #....
#.#...##...## ...##.....
###†#.....#.#...#.......
...#..#...#... .[.....
###.#...#..##.##....#
#.##.#..##.........#
.##.##......##..bK.#
#.#.#..#...#..#.@..##
##.##...#..##...#..r##
.#.#..#..##..#...#.rl...
#.##..#..##.....[.#......
..#.#.....#...#...#......
.##..#...#.#..#....#.....
...##..#...#.............
#########################


You could see a leopard gecko, a kobold, a friendly quokka, a friendly bat and a
friendly rat.

Vanquished Creatures (collateral kills)
  2 goblins (D:1)
  A kobold (D:1)
  A rat (D:1)
4 creatures vanquished.

Notes
Turn   | Place    | Note
-------+----------+-------------------------------------------
     0 | D:1      | Illumine the Kobold Summoner began the quest for the Orb.
     0 | D:1      | Reached XP level 1. HP: 10/10 MP: 3/3
   102 | D:1      | Slain by a kobold

Levels and vault maps discovered:
D:1:      erik_arrival_cave_to_civilisation [erik_arrival_cave_to_hall],
          layout_basic, chequers_serial_rivers_small_b

Action                   || total
-------------------------++-------
Melee: Club              ||     1
 Cast: Summon Small Mamm ||     6

Table legend:
 A = Non-vault XP
 B = Vault XP
 C = Vault XP percentage of total XP
 D = Non-vault monster count
 E = Vault monster count
 F = Vault count percentage of total count
                 A         B        C        D         E       F
            +---------+---------+-------+---------+---------+-------
      Total |       4 |       0 |   0.0 |       4 |       0 |   0.0
            +---------+---------+-------+---------+---------+-------
        D:1 |       4 |       0 |   0.0 |       4 |       0 |   0.0
            +---------+---------+-------+---------+---------+-------
